 Dungeon Crawl Stone Soup version 0.31-a0-117-g42d8f58691 (webtiles) character file.

Game seed: 1534768968361272664

12213 hikkokomori the Fighter (level 11, -1/95 HPs)
             Began as a Demigod Earth Elementalist on May 31, 2023.
             Slain by a yak (15 damage)
             ... on level 2 of the Lair of Beasts.
             The game lasted 00:42:51 (11990 turns).

hikkokomori the Fighter (DgEE)                     Turns: 11990, Time: 00:42:51

Health: -1/95      AC:  7    Str: 17    XL:     11   Next: 34%
Magic:  7/22       EV: 17    Int: 25    God:
Gold:   563        SH:  5    Dex: 14    Spells: 7/20 levels left

rFire   . . .        d - staff of conjuration
rCold   . . .        (no shield)
rNeg    . . .        i - +1 robe "Noeryt" {Str+4}
rPois   .            e - +0 helmet
rElec   .            j - +0 cloak
rCorr   .            h - +0 pair of gloves
SInv    .            I - +0 pair of boots
Will    +....        C - amulet of reflection
Stlth   ++++         B - +5 ring of evasion
HPRegen 0.35/turn    (no ring)
MPRegen 0.18/turn

%: reflection
@: invisible
A: high MP 1, forlorn, divine attributes
a: no special abilities


You were on level 2 of the Lair of Beasts.
You visited 2 branches of the dungeon, and saw 11 of its levels.
You also visited: Bailey.

You collected 563 gold pieces.

Inventory:

Hand Weapons
 n - a +1 dagger of draining
 o - a +5 short sword
 A - a +2 orcbow of draining
Missiles
 x - 5 throwing nets
Armour
 e - a +0 helmet (worn)
 h - a +0 pair of gloves (worn)
 i - the +1 robe "Noeryt" (worn) {Str+4}
   (You found it on level 2 of the Dungeon)

   Str:       It affects your strength (+4).
 j - a +0 cloak (worn)
 k - the +0 scale mail "Douhuari" {Harm Rampage rC+ Str+2}
   (You found it on level 7 of the Dungeon)

   Str:       It affects your strength (+2).
   rC:        It protects you from cold.
   Harm:      It increases damage dealt and taken.
   Rampage:   It bestows one free step when moving towards enemies.
 E - a +0 crystal plate armour
 I - a +0 pair of boots (worn)
Magical Staves
 d - a staff of conjuration (weapon)
Jewellery
 q - a ring of fire
 B - a +5 ring of evasion (left hand)
 C - an amulet of reflection (around neck)
Wands
 p - a wand of roots (15)
 G - a wand of digging (3)
Scrolls
 m - 2 scrolls of teleportation
 s - 5 scrolls of enchant weapon
 v - 3 scrolls of amnesia
 F - a scroll of enchant armour
 L - a scroll of brand weapon
Potions
 a - 2 potions of berserk rage
 b - a potion of magic
 c - 5 potions of might
 f - 2 potions of lignification
 g - a potion of haste {unknown}
 t - 3 potions of attraction
 w - 3 potions of curing
 z - a potion of degeneration
 D - 3 potions of brilliance
 J - 4 potions of heal wounds
 K - a potion of mutation {unknown}


   Skills:
 + Level 8.5 Fighting
 - Level 1.7 Dodging
 - Level 7.7 Stealth
 + Level 5.1 Spellcasting
 - Level 6.4 Conjurations
 - Level 2.2 Necromancy
 - Level 0.8 Transmutations
 + Level 4.8 Ice Magic
 - Level 7.4 Earth Magic
 + Level 4.7 Evocations


You had 7 spell levels left.
You knew the following spells:

 Your Spells              Type           Power      Damage    Failure   Level
a - Sandblast             Erth           86%        2d18      1%          1
b - Stone Arrow           Conj/Erth      100%       3d13      1%          3
c - Simulacrum            Ice/Necr       12%        N/A       96%         6
d - Ozocubu's Armour      Ice            30%        N/A       3%          3

Your spell library contained the following spells:

 Spells                   Type           Power      Damage    Failure   Level
 Passwall                 Tmut/Erth      22%        N/A       2%          2
 Momentum Strike          Conj/Tloc      66%        3d9       3%          2
 Apportation              Tloc           12%        N/A       9%          1
 Blink                    Tloc           12%        N/A       12%         2
 Lesser Beckoning         Tloc           12%        N/A       12%         2
 Petrify                  Tmut/Erth      27%        N/A       16%         4
 Metabolic Englaciation   Hex/Ice        9%         N/A       63%         5
 Alistair's Intoxication  Tmut/Pois      5%         N/A       88%         5
 Ozocubu's Refrigeration  Ice            15%        4d10      100%        7


Dungeon Overview and Level Annotations

Branches:
Dungeon (9/15)             Temple (0/1) D:4            Lair (2/5) D:9
 Bailey (visited)
  Swamp: Lair:2-3    Shoals: Lair:2-3     Snake: Lair:2-3    Spider: Lair:2-3
    Orc: D:9-12

Shops:
D:6 (   D:8 [

Annotations:
D:4 3 runed translucent doors, DonkyDonker's ghost, amateur DrCj; loir's ghost, novice GrGl
Lair:2 3 runed translucent doors, exclusion: oklob plant, Taesaha's ghost, adept DrAr


Innate Abilities, Weirdness & Mutations

You have an increased reservoir of magic. (+10% MP)
You shall have no god before yourself.
Your divine heritage dramatically boosts your attributes as you level up.


Message History

Your butterfly disappears in a burst of colours!
You fade into invisibility!
The blink frog barely misses you.
You are too injured to fight recklessly!
Unknown command.
Casting: Stone Arrow (safe; 1% risk of failure)
Confirm with . or Enter, or press ? or * to list all spells.
Aiming: Sandblast (safe; 1% risk of failure)
Press: ? - help, Shift-Dir - straight line, f - blink frog
Aim: a blink frog (unable to see you, ally target, 73% to hit)
The blast of sand hits the blink frog!!
The blink frog is severely wounded.
The blink frog barely misses you. The blink frog hits you!
* * * LOW HITPOINT WARNING * * *
Casting: Sandblast (safe; 1% risk of failure)
Confirm with . or Enter, or press ? or * to list all spells.
Aiming: Sandblast (safe; 1% risk of failure)
Press: ? - help, Shift-Dir - straight line, f/p - blink frog
Aim: a blink frog (severely wounded, unable to see you, ally target, 73% to hit)
The blast of sand hits the blink frog!!
You kill the blink frog!
Unknown command.
Casting: Sandblast (safe; 1% risk of failure)
Confirm with . or Enter, or press ? or * to list all spells.
Aiming: Sandblast (safe; 1% risk of failure)
Press: ? - help, Shift-Dir - straight line, f - yak
Aim: a yak (wandering, unable to see you, hasn't noticed you, 91% to hit)
The blast of sand hits the yak!
The yak is moderately wounded.
Unknown command.
Unknown command.
Casting: Sandblast (safe; 1% risk of failure)
Confirm with . or Enter, or press ? or * to list all spells.
Aiming: Sandblast (safe; 1% risk of failure)
Press: ? - help, Shift-Dir - straight line, f/p - yak
Aim: a yak (moderately wounded, wandering, unable to see you, hasn't noticed you, 91% to hit)
The blast of sand hits the yak!
The yak is severely wounded.
The yak gores you but does no damage. The yak gores you!
You die...

+.F..r...#..#
#.b.+.r..YY.YY
#F+###Fr#.#Y8Y.
.r# #FYY..+ ...
##Y#### ..[ #F#
..$ #Y# #Y# #@#
#....PPP#
.........#
#...........
##.....b....
##.#....... ##
..##... ### #..


You could see 5 yaks, a cane toad (unable to see you), 2 blink frogs and 2 river
rats.

Vanquished Creatures
  A two-headed ogre (D:9)
  A death yak (Lair:2)
  An orc knight (Bailey)
  Pikel (D:6)
  2 cane toads
  Maggie (D:7)
  2 komodo dragons
  A hornet (D:9)
  A blink frog (Lair:2)
  Grinder (D:6)
  A basilisk (Lair:2)
  A wraith (D:7)
  12 yaks
  2 vampire mosquitoes (D:7)
  3 wargs (D:9)
  An acid dragon (D:8)
  2 water moccasins
  2 ice beasts
  11 orc warriors
  5 centaurs
  3 wolves (Lair:1)
  The ghost of SkeletonJelly the Poker, an amateur TeRe (D:3)
  4 bullfrogs
  6 gnoll sergeants
  4 scorpions
  8 wights (D:6)
  9 killer bees
  A howler monkey (D:6)
  6 hounds
  3 gnoll boudas (D:8)
  A jelly (D:5)
  8 orc priests
  4 iguanas
  2 sleepcaps
  Ijyb (D:3)
  15 orc wizards
  24 gnolls
  6 adders
  A shadow imp (D:7)
  2 white imps
  2 ufetubi
  A worm (D:3)
  5 dart slugs
  55 orcs
  8 ball pythons
  9 endoplasms
  6 giant cockroaches
  5 goblins
  4 hobgoblins
  11 jackals
  2 quokkas (D:1)
  5 bats
  5 frilled lizards
  10 kobolds
  8 rats
297 creatures vanquished.

Vanquished Creatures (others)
  A wizard (D:3)
1 creature vanquished.

Grand Total: 298 creatures vanquished

Notes
Turn   | Place    | Note
-------+----------+-------------------------------------------
     0 | D:1      | hikkokomori the Demigod Earth Elementalist began the quest
                  | for the Orb.
     0 | D:1      | Reached XP level 1. HP: 14/14 MP: 5/5
   136 | D:1      | Reached XP level 2. HP: 9/22 MP: 0/7
   644 | D:1      | Reached skill level 1 in Fighting
   825 | D:1      | Reached XP level 3. HP: 28/28 MP: 5/8
  1127 | D:2      | Identified the +1 robe "Noeryt" {Str+4}
  1596 | D:2      | Learned a level 3 spell: Stone Arrow
  1879 | D:3      | Reached XP level 4. HP: 35/35 MP: 5/10
  2147 | D:3      | Noticed a wizard
  2151 | D:3      | Killed a wizard
  2468 | D:3      | Reached skill level 2 in Fighting
  2489 | D:3      | Reached skill level 1 in Conjurations
  2502 | D:3      | Noticed Ijyb
  2511 | D:3      | Killed Ijyb
  2512 | D:3      | Reached XP level 5. HP: 29/41 MP: 4/11
  2838 | D:3      | Found a runed translucent door.
  2843 | D:3      | Noticed SkeletonJelly's ghost (amateur TeRe)
  2908 | D:3      | Killed SkeletonJelly's ghost
  3092 | D:4      | Reached XP level 6. HP: 43/50 MP: 6/12
  3369 | D:4      | Reached skill level 3 in Fighting
  3406 | D:4      | You fall into a shaft and drop 3 floors!
  3478 | D:7      | Noticed a wraith
  3692 | D:7      | Reached XP level 7. HP: 4/57 MP: 6/13
  4106 | D:7      | Identified the +0 scale mail "Douhuari" {Harm Rampage rC+
                  | Str+2}
  4568 | D:6      | Found Emischu's Antique Weapon Emporium.
  4571 | D:6      | Noticed Pikel
  4627 | D:5      | Entered Level 5 of the Dungeon
  4850 | D:4      | Found a staircase to the Ecumenical Temple.
  4942 | D:4      | Reached skill level 4 in Fighting
  4942 | D:4      | Reached skill level 5 in Earth Magic
  4990 | D:4      | Found a runed translucent gate.
  4990 | D:4      | Found a runed translucent gate.
  4991 | D:4      | Found a runed translucent gate.
  5000 | D:4      | Noticed DonkyDonker's ghost (amateur DrCj)
  5001 | D:4      | Noticed loir's ghost (novice GrGl)
  5018 | D:4      | Reached skill level 5 in Stealth
  5650 | D:5      | Reached XP level 8. HP: 46/66 MP: 10/14
  6412 | D:6      | Noticed Grinder
  6414 | D:6      | Paralysed by Grinder for 3 turns
  6419 | D:6      | Killed Grinder
  6665 | D:6      | Reached skill level 5 in Fighting
  6864 | D:6      | Paralysed by Pikel for 3 turns
  6876 | D:6      | Killed Pikel
  6877 | D:6      | Reached skill level 5 in Conjurations
  6877 | D:6      | Reached XP level 9. HP: 74/74 MP: 8/15
  7555 | D:7      | Noticed Maggie
  7562 | D:7      | Killed Maggie
  7563 | D:7      | Reached skill level 6 in Fighting
  8644 | D:8      | Found a flagged portal.
  8653 | Bailey   | Entered a bailey
  8829 | Bailey   | Reached XP level 10. HP: 84/84 MP: 1/16
  8842 | Bailey   | Learned a level 6 spell: Simulacrum
  9016 | Bailey   | Noticed an orc knight
  9057 | Bailey   | Killed an orc knight
  9058 | Bailey   | Reached skill level 1 in Necromancy
  9058 | Bailey   | Reached skill level 1 in Ice Magic
  9058 | Bailey   | Reached skill level 1 in Evocations
  9168 | Bailey   | Reached skill level 7 in Fighting
  9728 | D:8      | Found Axausheu's Armour Boutique.
 10296 | D:9      | Noticed a two-headed ogre
 10441 | D:9      | Killed a two-headed ogre
 10798 | D:9      | Found a staircase to the Lair.
 10854 | Lair:1   | Entered Level 1 of the Lair of Beasts
 10878 | Lair:1   | Noticed a death yak
 10878 | Lair:1   | Noticed a death yak
 11065 | Lair:1   | Reached skill level 8 in Fighting
 11065 | Lair:1   | Reached XP level 11. HP: 34/94 MP: 1/21
 11253 | Lair:1   | Learned a level 3 spell: Ozocubu's Armour
 11294 | Lair:1   | Noticed a death yak
 11591 | Lair:2   | Killed a death yak
 11595 | Lair:2   | Found a runed translucent gate.
 11595 | Lair:2   | Found a runed translucent gate.
 11595 | Lair:2   | Found a runed translucent gate.
 11596 | Lair:2   | Noticed an 11-headed hydra
 11596 | Lair:2   | Noticed Taesaha's ghost (adept DrAr)
 11597 | Lair:2   | Noticed a ten-headed hydra
 11928 | Lair:2   | Reached skill level 5 in Spellcasting
 11990 | Lair:2   | Slain by a yak

Illustrated notes

Levels and vault maps discovered:
D:1:      psy_arrival_dodecagon, layout_basic, minmay_misc_feat_five
D:2:      layout_basic, hellmonk_ecumenical_altar_run_dry
D:3:      layout_loops_ring, trog_wizard, zin_academy, nicolae_ru_path_of_blood,
          ebering_ghost_reflecting_pool, uniq_ijyb
D:4:      layout_loops_cross, yredelemnul_altar_generic, temple_statues,
          gammafunk_ghost_cemetery
D:5:      layout_gridville
D:6:      layout_rooms, serial_shops, shop, uniq_pikel, uniq_grinder
D:7:      minmay_flawed_box, layout_layer_cave, minmay_misc_feat_alley,
          uniq_maggie
D:8:      layout_cave_pools, mainiacjoe_overflow_cross_hatched,
          serial_gnoll_camp, gnoll_camp_mini_hut, gnoll_camp_mini_shop,
          gnoll_camp_mini_hut, gnoll_camp_huts_basic, gnoll_camp_mini_house,
          gnoll_camp_medium_02, enter_bailey_8
D:9:      layout_gridville, erik_lair_orcish_takeover
Lair:1:   layout_small_grid, ebering_ghost_funeral_grove, lemuel_fruit_fields,
          infiniplex_staircase_pool_2
Lair:2:   layout_hall_layers, skrybe_swamp_entry_bodies,
          gammafunk_ghost_hydra_chop, kennysheep_abandoned_house,
          serial_bayou_shore_a, lemuel_fruit_tree, grunt_megastairs_5

Skill      XL: |  1  2  3  4  5  6  7  8  9 10 11 |
---------------+----------------------------------+-----
Stealth        | 2 3 4 5 6 7 |  7.7
Spellcasting   | 2 4 5 |  5.1
Fighting       | 1 2 3 4 5 6 8 |  8.5
Earth Magic    | 3 4 5 6 7 |  7.4
Conjurations   | 1 2 3 5 6 |  6.4
Necromancy     | 2 |  2.2
Ice Magic      | 3 4 |  4.8
Evocations     | 3 4 |  4.7
Dodging        | |  1.7
Transmutations | |  0.8

Action                     |  1- 3 |  4- 6 |  7- 9 | 10-12 || total
---------------------------+-------+-------+-------+-------++-------
  Melee: Staff             |     5 |     1 |    19 |     7 ||    32
         Short sword       |       |       |       |     7 ||     7
         Punch             |       |       |       |     1 ||     1
   Cast: Sandblast         |    64 |    84 |   199 |   155 ||   502
         Stone Arrow       |       |     5 |    29 |    38 ||    72
         Ozocubu's Armour  |       |       |       |     1 ||     1
  Evoke: Wand              |       |       |    10 |    11 ||    21
    Use: Scroll            |       |     4 |    10 |    10 ||    24
         Potion            |       |       |       |     3 ||     3
   Stab: Paralysed         |       |       |       |     3 ||     3
 Armour: Robe              |     8 |    14 |    27 |    25 ||    74
  Dodge: Dodged            |    26 |    32 |   105 |   142 ||   305
  Block: Other             |       |       |    13 |    52 ||    65
         Reflection        |       |       |     1 |       ||     1

Table legend: (Time is in decaauts)
 A = Elapsed time spent in this place.
 B = Non-inter-level travel time spent in this place.
 C = Inter-level travel time spent in this place.
 D = Time resting spent in this place.
 E = Time spent auto-exploring this place.
 F = Levels seen in this place.
 G = Mean time per level.
                   A        B        C        D        E       F      G
               +--------+--------+--------+--------+--------+-----+--------+
         Total |  12259 |  12032 |    227 |   1662 |   7466 |  12 | 1021.6 |
       Dungeon |  10329 |  10102 |    227 |    798 |   6967 |   9 | 1147.7 |
          Lair |   1163 |   1163 |      0 |    539 |    267 |   2 |  581.5 |
        Bailey |    766 |    766 |      0 |    325 |    232 |   1 |  766.0 |
               +--------+--------+--------+--------+--------+-----+--------+

Top non-repeatable levels by time:
     D:7: 2204 daAuts
     D:8: 1341 daAuts
     D:5: 1327 daAuts
     D:3: 1206 daAuts
     D:1: 1132 daAuts
     D:4: 1066 daAuts
     D:6: 974 daAuts
  Bailey: 766 daAuts
  Lair:1: 750 daAuts
     D:2: 711 daAuts
  Lair:2: 413 daAuts
     D:9: 364 daAuts
